 Dungeon Crawl Stone Soup version 0.24-b1-44-g37ad8b309f (webtiles) character file.

Game seed: 5212009208911795416, levelgen mode: deterministic

261 Emblim88 the Skirmisher (level 6, 0/87 HPs)
             Began as a Naga Monk on Oct 23, 2019.
             Slain by a slave (1 damage)
             ... led by Pikel
             ... on level 3 of the Dungeon.
             The game lasted 00:07:01 (4148 turns).

Emblim88 the Skirmisher (Naga Monk)                 Turns: 4148, Time: 00:07:02

Health: 0/87       AC: 23    Str: 19    XL:     6   Next: 18%
Magic:  15/15      EV:  1    Int: 10    God:
Gold:   200        SH:  0    Dex: 15    Spells: 5/5 levels left

rFire    . . .     SeeInvis +   a - +0 spear
rCold    . . .     Gourm    +   (no shield)
rNeg     + + +     Faith    .   (armour currently unavailable)
rPois    +         Spirit   .   (helmet currently unavailable)
rElec    .         Reflect  .   (cloak currently unavailable)
rCorr    .         Harm     .   (gloves currently unavailable)
MR       .....     NoTele   +   (no barding)
Stlth    +++.......             t - amulet of the gourmand
HPRegen  0.24/turn              f - ring of positive energy
MPRegen  0.14/turn              p - ring of magical power

@: mighty, tree-form
A: large, see invisible, slow metabolism 1, spit poison 1, AC +2
a: Spit Poison


You were on level 3 of the Dungeon.
You were very full.
You were a tree.
You visited 1 branch of the dungeon, and saw 4 of its levels.

You collected 200 gold pieces.

Inventory:

Hand Weapons
 a - a +0 spear (weapon)
Missiles
 j - 9 boomerangs (quivered)
Armour
 d - a +0 scale mail
 v - a +0 ring mail (melded)
 x - a +1 pair of gloves (melded)
Jewellery
 f - a ring of positive energy (left branch)
 p - a ring of magical power (right branch)
 t - an amulet of the gourmand (around neck)
Scrolls
 e - 2 scrolls of blinking {unknown}
 h - a scroll of fear {unknown}
 i - 5 scrolls of noise {unknown}
 k - 5 scrolls of identify {unknown}
 l - a scroll of teleportation {unknown}
 m - 2 scrolls of remove curse {unknown}
 n - 2 scrolls of immolation {unknown}
 s - a scroll of amnesia {unknown}
 w - a scroll of fog {unknown}
 y - a scroll of magic mapping {unknown}
Potions
 b - a potion of curing {unknown}
 g - a potion of degeneration {unknown}
 r - a potion of lignification
 u - a potion of berserk rage {unknown}
 z - a potion of brilliance {unknown}
Comestibles
 c - 5 rations


   Skills:
 + Level 4.4 Fighting
 - Level 3.5 Polearms
 - Level 1.5 Armour
 + Level 3.6 Dodging
 * Level 4.4 Stealth


You had 5 spell levels left.
You didn't know any spells.
Your spell library was empty.

Dungeon Overview and Level Annotations

Branches:
Dungeon (4/15)
 Temple: D:4-7

Altars:

Annotations:
D:4 Ijyb, Pikel


Innate Abilities, Weirdness & Mutations

You cannot wear boots.
((Your serpentine skin is tough. (AC +2)))
You have supernaturally acute eyesight. (SInv)
((Armour fits poorly on your strangely shaped body.))
((Your system is resistant to poisons. (rPois)))
((You cover ground very slowly.))
You have a slow metabolism.
You can spit poison.


Message History

You puncture the adder!
You kill the adder!
The slave hits you but does no damage.
You cannot move.
You hit the slave.
The slave is lightly wounded.
The slave hits you but does no damage.
You puncture the slave!
The slave is moderately wounded.
You puncture the slave!
The slave is severely wounded.
The slave hits you.
* * * LOW HITPOINT WARNING * * *
You closely miss the slave.
The slave is severely wounded.
The slave barely misses you.
You completely miss the slave.
The slave is severely wounded.
The slave hits you.
You die...

.######........# #.#.#
.....##........#####.#.#
.....#######.###.......#
.....# #.# #.###.###
.##### ###.###.# #.#
.##### #.....#.# ###
.....# #.....#.#
.....#####.....#.#
..............op♣#
.....#######.#####
.######## #.# ........#
#.# #######.# #.#
......#.# #.#
########### ......#.#
#^###........<#
...<#.#.#
#.........#####
......#.# #####.###.#


You could see a slave and an orc.

Vanquished Creatures
  A howler monkey (D:4)
  2 orc wizards (D:3)
  8 adders
  An ooze (D:1)
  A worm (D:2)
  3 dart slugs
  7 orcs (D:3)
  2 ball pythons (D:2)
  3 giant cockroaches
  13 hobgoblins
  3 jackals (D:1)
  9 kobolds
  7 bats
  4 frilled lizards
  8 goblins
  A jackal skeleton (D:2)
  9 rats
82 creatures vanquished.

Notes
Turn   | Place    | Note
-------+----------+-------------------------------------------
     0 | D:1      | Emblim88 the Naga Monk began the quest for the Orb.
     0 | D:1      | Reached XP level 1. HP: 21/21 MP: 1/1
   124 | D:1      | Reached XP level 2. HP: 14/28 MP: 2/2
   439 | D:1      | Reached XP level 3. HP: 6/34 MP: 3/3
  1923 | D:2      | Reached XP level 4. HP: 43/43 MP: 4/4
  2660 | D:3      | Reached skill level 1 in Armour
  3032 | D:3      | Reached XP level 5. HP: 24/50 MP: 5/5
  4105 | D:4      | Noticed a slave
  4125 | D:4      | Reached XP level 6. HP: 31/58 MP: 6/6
  4133 | D:4      | Noticed a slave
  4134 | D:4      | Noticed a slave
  4135 | D:4      | Noticed Pikel
  4135 | D:4      | Noticed a slave
  4136 | D:4      | Noticed Ijyb
  4141 | D:3      | HP: 1/87 [slave[Pikel] (4)]
  4146 | D:3      | HP: 1/87 [slave[Pikel] (2)]
  4148 | D:3      | Slain by a slave

Skill      XL: |  1  2  3  4  5 |
---------------+----------------+-----
Dodging        | 3 |  3.6
Armour         | 1 |  1.5
Fighting       | 4 |  4.4
Stealth        | 4 |  4.4
Polearms       | |  3.5

Action                   |  1- 3 |  4- 6 || total
-------------------------+-------+-------++-------
Melee: Spear             |   196 |   265 ||   461
 Abil: Spit Poison       |       |     8 ||     8
  Use: Potion            |       |     3 ||     3
 Stab: Sleeping          |       |     1 ||     1
  Eat: Ration            |     1 |     1 ||     2
       Chunk             |       |     8 ||     8
Armor: Scale mail        |    75 |    22 ||    97
       Ring mail         |       |    82 ||    82
       Skin              |       |    10 ||    10
Dodge: Dodged            |    65 |   130 ||   195
